 Dungeon Crawl Stone Soup version 0.21-a0-265-gb353147 (webtiles) character file.

4 brawlin the Caller (level 1, -1/11 HPs)
             Began as an Octopode Summoner on Sept 10, 2017.
             Slain by a goblin (3 damage)
             ... on level 1 of the Dungeon.
             The game lasted 00:01:08 (322 turns).

brawlin the Caller (Octopode Summoner)               Turns: 322, Time: 00:01:09

Health: -1/11      AC:  1    Str:  7    XL:     1   Next: 70%
Magic:  1/3        EV: 13    Int: 17    God:
Gold:   26         SH:  0    Dex: 12    Spells: 3/4 levels left

rFire    . . .     SeeInvis .   f - +0 spear
rCold    . . .     Gourm    .   (no shield)
rNeg     . . .     Faith    .   (helmet restricted)
rPois    .         Spirit   .   (no amulet)
rElec    .         Reflect  .   (no ring)
rCorr    .         Harm     .   (no ring)
MR       .....                  (no ring)
Stlth    +++.......             (no ring)
HPRegen  0.03/turn              (no ring)
MPRegen  0.08/turn              (no ring)
                                (no ring)
                                (no ring)

@: very slightly contaminated
A: almost no armour, stealthy swim, amphibious, 8 rings, constrict 8, camouflage
1, gelatinous body 1
a: no special abilities


You were on level 1 of the Dungeon.
You were not hungry.

You visited 1 branch of the dungeon, and saw 1 of its levels.

You collected 26 gold pieces.

Inventory:

Hand Weapons
 f - a +0 spear (weapon)
Missiles
 g - 13 stones (quivered)
Scrolls
 d - a scroll of remove curse {unknown}
 i - a scroll of identify {unknown}
 k - a scroll of recharging {unknown}
Potions
 c - a potion of magic {unknown}
 e - a potion of cancellation {unknown}
 h - a potion of degeneration {unknown}
 j - a potion of curing {unknown}
Books
 a - a book of Callings

   Spells                             Type                      Level
   a - Summon Small Mammal            Summoning                    1
   b - Call Imp                       Summoning                    2
   c - Call Canine Familiar           Summoning                    3
   d - Summon Guardian Golem          Hexes/Summoning              3
   e - Summon Lightning Spire         Summoning/Air                4
   f - Summon Ice Beast               Ice/Summoning                4
Comestibles
 b - a bread ration
 l - a chunk of flesh


   Skills:
 - Level 2.0 Dodging
 + Level 2.9 Stealth
 + Level 2.1 Spellcasting
 * Level 4.0 Summonings


You had 3 spell levels left.
You knew the following spells:

 Your Spells              Type           Power        Failure   Level  Hunger
a - Summon Small Mammal   Summ           ###.         3%          1    #......


Dungeon Overview and Level Annotations

Branches:
Dungeon (1/15)

Altars:


Innate Abilities, Weirdness & Mutations

You cannot wear most types of armour.
You are very stealthy in the water. (Stealth+)
You are amphibious.
You can wear up to eight rings at the same time.
You can use your tentacles to constrict eight enemies at once.
Your skin changes colour to match your surroundings (Stealth+).
Your rubbery body absorbs attacks. (AC +1, EV +1)


Message History

Aim: a goblin (heavily wounded)
You reach to attack!
You hit the goblin but do no damage.
The goblin is heavily wounded.
Your quokka misses the goblin. The goblin hits your rat.
Your rat dies!
Your rat's corpse disappears in a puff of smoke!
Your quokka closely misses the goblin.
Attack whom?
Press: ? - help, Dir - move target cursor, f/p - goblin
Aim: a goblin (moderately wounded)
You reach to attack!
You hit the goblin.
The goblin is heavily wounded.
Your quokka misses the goblin.
Attack whom?
Press: ? - help, Dir - move target cursor, f/p - goblin
Aim: a goblin (heavily wounded)
You miss the goblin. Your grab misses the goblin.
The goblin is heavily wounded.
The goblin hits you.
You die...

#...# #...# #...# ####...#
### #.)....# ....
#(###'####### ..... #.#
#.......#
......####r#########.#######
......'.()g@..(.>..........)
......######################
..... ##.### ###.## ....
##....### ###....# ...
##..⌠....#####....⌠.. ..
#.....⌠....#....⌠.... .
#..⌠....⌠.....⌠....⌠.
#....................
#######....<....#####


You could see a goblin and a friendly quokka.

Vanquished Creatures
  A bat (D:1)
  2 kobolds (D:1)
  A rat (D:1)
4 creatures vanquished.

Vanquished Creatures (collateral kills)
  2 kobolds (D:1)
  A rat (D:1)
3 creatures vanquished.

Grand Total: 7 creatures vanquished

Notes
Turn   | Place    | Note
-------+----------+-------------------------------------------
     0 | D:1      | brawlin the Octopode Summoner began the quest for the Orb.
     0 | D:1      | Reached XP level 1. HP: 11/11 MP: 3/3
   322 | D:1      | Slain by a goblin

Vault maps used:
D:1:      dpeg_arrival_leaves_temple_mockup

Action                   || total
-------------------------++-------
Melee: Spear             ||    11
       Constrict         ||     3
       Tentacles         ||     1
 Cast: Summon Small Mamm ||    10
 Stab: Sleeping          ||     2
Dodge: Dodged            ||     5

Table legend:
 A = Spawn XP
 B = Non-spawn XP
 C = Spawn XP percentage of total XP
 D = Spawn monster count
 E = Non-spawn monster count
 F = Spawn count percentage of total count
 G = Total turns spent on level
                    A         B        C        D         E        F      G
               +---------+---------+-------+---------+---------+-------+---------
         Total |       0 |       7 |   0.0 |       0 |       7 |   0.0 |   322
               +---------+---------+-------+---------+---------+-------+---------
           D:1 |       0 |       7 |   0.0 |       0 |       7 |   0.0 |   322
               +---------+---------+-------+---------+---------+-------+---------
